Map: Deathaura LE

Players

TutaManaHon - Winner!

  • Race: Terran Terran
  • League: Silver
  • Spawn Location: 5:00

Iceweaver

  • Race: Zerg Zerg
  • League: Bronze
  • Spawn Location: 11:00

VOD

Have the link to the VOD?

Description

Time

  • Played on: June 17, 2020, 10:20 a.m.
  • Length: 11:23
Show
View Real Time Build Order
Export as new Build Order

TutaManaHon Terran - Winner!

Build Orders: 2 Factory, Hellion Opening, Mech 

Get SALT Encoding   

  12  0:00  SCV  
  13  0:15  Supply Depot  
  13  0:18  SCV  
  14  0:27  Refinery  
  14  0:30  SCV  
  15  0:41  Barracks  
  15  0:48  SCV  
  16  1:00  SCV  
  17  1:06  Refinery  
  17  1:12  SCV  
  18  1:24  SCV  
  19  1:31  Factory  
  19  1:36  SCV  
  20  1:41  Barracks Reactor  
  20  1:47  Supply Depot  
  20  1:48  SCV  
  21  2:00  SCV  
  22  2:13  SCV  
  23  2:19  Factory  
  23  2:29  Hellion  
  27  2:30  Hellion  
  27  2:31  Barracks Reactor  
  27  2:39  Armory  
  27  2:42  Orbital Command  
  27  2:55  Hellion  
  27  2:58  Hellion  
  31  3:11  Supply Depot  
  31  3:32  Marine  
  31  3:33  Hellion x2  
  36  3:34  Supply Depot  
  36  3:40  Hellion  
  38  3:53  Barracks Tech Lab  
  38  3:56  Hellion  
  40  4:15  Hellion x3  
  46  4:28  Hellion  
  46  4:39  Command Center  
  46  4:52  Factory  
  46  5:00  Factory  
  46  5:18  Marine  
  47  5:22  Terran Vehicle Weapons Level 1  
  47  5:42  Supply Depot  
  47  5:51  Armory  
  47  5:53  Factory Tech Lab  
  47  6:05  Supply Depot  
  47  6:10  Siege Tank  
  50  6:12  SCV  
  51  6:22  SCV  
  51  6:24  SCV  
  49  6:34  SCV  
  49  6:36  SCV  
  39  6:42  Siege Tank x2  
  39  6:46  SCV  
  40  6:47  Hellion x2  
  40  6:48  SCV, Hellion  
  40  6:54  Hellion  
  49  6:58  SCV  
  49  7:00  SCV  
  51  7:07  Terran Vehicle And Ship Armor Level 1  
  51  7:10  SCV  
  51  7:14  Siege Tank x2  
  58  7:22  SCV  
  59  7:28  SCV  
  60  7:32  Refinery  
  60  7:34  Marine, SCV, Refinery  
  60  7:36  Infernal Pre-Igniter  
  62  7:40  SCV  
  63  7:52  Marine, SCV  
  63  7:56  Hellion x2  
  63  7:57  Hellion x3  
  75  7:59  Hellion  
  75  8:04  SCV  
  78  8:13  Terran Vehicle Weapons Level 2  
  78  8:23  Supply Depot  
  78  8:29  SCV  
  79  8:41  Command Center, SCV  
  79  8:46  Supply Depot  
  80  8:53  SCV  
  75  9:05  SCV  
  73  9:12  Hellion  
  73  9:13  Hellion x5  
  85  9:29  Command Center  
  85  9:34  Widow Mine, Hellion x3  
  85  9:37  Supply Depot  
  93  9:50  Orbital Command  
  90  10:27  Widow Mine x2, Hellion x2  
  90  10:28  Hellion x2  
  102  10:48  Hellion x2  
  102  10:49  Widow Mine x2, Hellion x2  
Show
View Real Time Build Order
Export as new Build Order

Iceweaver Zerg 

Build Orders: Hatch First 

Get SALT Encoding   

  12  0:01  Drone  
  13  0:10  Drone  
  14  0:16  Overlord  
  14  0:35  Drone x2  
  16  0:49  Hatchery  
  15  0:53  Drone  
  16  0:59  Drone  
  17  1:11  Extractor  
  17  1:17  Drone  
  17  1:21  Drone, Spawning Pool  
  17  1:25  Drone  
  18  1:34  Drone  
  19  1:40  Drone  
  20  1:50  Overlord  
  20  2:02  Drone  
  20  2:08  Drone, Extractor  
  22  2:10  Queen x2  
  25  2:30  Drone x2  
  27  2:45  Queen  
  27  2:46  Queen  
  31  2:51  Drone  
  31  2:52  Drone  
  31  2:53  Drone x3  
  36  3:22  Overlord x2  
  36  3:43  Drone x2  
  36  3:44  Drone  
  36  3:45  Drone x3  
  42  3:51  Evolution Chamber  
  41  4:02  Roach Warren  
  40  4:17  Drone x2  
  40  4:18  Drone  
  43  4:33  Zergling x12  
  49  4:52  Hatchery  
  48  4:56  Metabolic Boost  
  48  5:03  Roach x2  
  48  5:05  Zerg Missile Weapons Level 1  
  52  5:08  Overlord x3  
  52  5:13  Evolution Chamber  
  51  5:43  Roach x5  
  51  5:44  Roach x3  
  67  5:54  Drone  
  67  5:55  Drone  
  63  6:10  Zerg Ground Armor Level 1  
  63  6:11  Queen  
  63  6:12  Queen  
  63  6:16  Roach x2  
  63  6:17  Roach x3  
  81  6:18  Roach x2  
  69  6:55  Lair  
  69  7:06  Drone x3  
  72  7:08  Drone  
  72  7:09  Drone x6  
  79  7:20  Roach  
  79  7:22  Overlord x3  
  81  7:31  Hatchery  
  81  7:33  Ravager x2  
  82  7:45  Overlord  
  82  7:46  Extractor  
  81  7:53  Zerg Missile Weapons Level 2  
  81  7:59  Roach x5  
  81  8:01  Ravager x3  
  81  8:02  Ravager  
  95  8:26  Overseer  
  95  8:35  Drone x3  
  95  8:38  Drone  
  95  8:39  Drone x3  
  102  8:52  Hatchery  
  85  9:09  Zergling x2  
  69  9:10  Zergling x30  
  84  9:21  Queen  
  84  9:23  Drone x3  
  89  9:31  Drone x2  
  91  9:40  Roach x3  
  97  9:53  Queen  
  97  9:55  Hatchery  
  98  10:02  Drone x3  
  98  10:04  Queen  
  98  10:05  Drone  
  98  10:07  Drone x5  
  80  10:25  Zergling x12  
  78  10:50  Roach x6  
  78  10:52  Roach x2  
  78  10:53  Roach  
  70  11:05  Spine Crawler  
  70  11:06  Spine Crawler  
Tags
 
Add a new tag
Caveats
  • Supply blocks, unpowered buildings, or Contaminate may cause inaccurate times.
  • Supply counts are checked every 10 seconds.